NCAA
CONNECTICUT HUSKIES @ IOWA STATE CYCLONES
04/15/2030
 
TOP OF THE 1ST
Connecticut Huskies batting - Pitching for Iowa State Cyclones : RHP Bill Tracy
Pitching: RHP Bill Tracy
Batting: RHB Anthony Payton 0-0: Called Strike
0-1: Foul Ball, location: 2F
0-2: Ball
1-2: Foul Ball, location: 2F
1-2: Foul Ball, location: 2F
1-2: Foul Ball, location: 2F
1-2: DOUBLE (Line Drive, 9LM)
Batting: RHB Ron Frost 0-0: Ball
1-0: Ball
2-0: Fly out, F7 (Flyball, 7LS)
Batting: RHB Terry McRa 0-0: Foul Ball, location: 2F
0-1: Called Strike
0-2: Strikes out looking
Batting: LHB Roberto Martínez 0-0: Ball
1-0: Called Strike
1-1: Swinging Strike
1-2: Strikes out swinging
Top of the 1st over - 0 runs, 1 hit, 0 errors, 1 left on base; Connecticut 0 - Iowa State 0
BOTTOM OF THE 1ST
Iowa State Cyclones batting - Pitching for Connecticut Huskies : RHP Edward Underwood
Pitching: RHP Edward Underwood
Batting: LHB Andrew Chambers 0-0: Called Strike
0-1: Called Strike
0-2: Ball
1-2: Ball
2-2: SINGLE (Flyball, 89S)
Batting: LHB Marty Gómez 0-0: Ball
1-0: Foul Ball, location: 2F
1-1: Fly out, F8 (Flyball, 8RD)
Batting: RHB Danny Gilbert 0-0: Ball
1-0: Ball
2-0: Ball
3-0: Called Strike
3-1: Base on Balls
Andrew Chambers to second
Batting: LHB Alberto Paz 0-0: Ball
1-0: Ball
2-0: Foul Ball, location: 2F
2-1: Foul Ball, location: 2F
2-2: Foul Ball, location: 2F
2-2: Foul Ball, location: 2F
2-2: Ball
3-2: Foul Ball, location: 2F
3-2: Strikes out swinging
Batting: RHB Wesley Wood 0-0: Swinging Strike
0-1: Foul Ball, location: 2F
0-2: Ball
1-2: Foul Ball, location: 2F
1-2: Strikes out looking
Bottom of the 1st over - 0 runs, 1 hit, 0 errors, 2 left on base; Connecticut 0 - Iowa State 0
TOP OF THE 2ND
Connecticut Huskies batting - Pitching for Iowa State Cyclones : RHP Bill Tracy
Batting: RHB Eric Vaughn 0-0: Called Strike
0-1: Ball
1-1: Ball
2-1: Foul Ball, location: 2F
2-2: Fly out, F9 (Flyball, 89S)
Batting: LHB Garth Gallegos 0-0: Ground out U3 (Groundball, 3L)
Batting: RHB Jeremy Day 0-0: Ball
1-0: Ball
2-0: Fly out, F6 (Line Drive, 6)
Top of the 2nd over - 0 runs, 0 hits, 0 errors, 0 left on base; Connecticut 0 - Iowa State 0
BOTTOM OF THE 2ND
Iowa State Cyclones batting - Pitching for Connecticut Huskies : RHP Edward Underwood
Batting: LHB Dale González 0-0: Ball
1-0: Foul Ball, location: 2F
1-1: Called Strike
1-2: Strikes out swinging
Batting: LHB Chris Samuels 0-0: Ball
1-0: Ball
2-0: Called Strike
2-1: Ball
3-1: Foul Ball, location: 2F
3-2: Ground out 5-3 (Groundball, 5)
Batting: RHB Jimmy Stokes 0-0: Ball
1-0: Called Strike
1-1: Ground out 6-3 (Groundball, 6M)
Bottom of the 2nd over - 0 runs, 0 hits, 0 errors, 0 left on base; Connecticut 0 - Iowa State 0
TOP OF THE 3RD
Connecticut Huskies batting - Pitching for Iowa State Cyclones : RHP Bill Tracy
Batting: RHB George Powell 0-0: Called Strike
0-1: Called Strike
0-2: Strikes out swinging
Batting: SHB José Ramírez 0-0: Reached on error, E6 (Groundball, 6)
Batting: RHB Anthony Payton 0-0: Called Strike
José Ramírez is caught stealing 2nd base
0-1: Ball
1-1: Ball
2-1: SOLO HOME RUN (Flyball, 7LD), Distance : 335 ft
Batting: RHB Ron Frost 0-0: Foul Ball, location: 2F
0-1: Swinging Strike
0-2: Strikes out swinging
Top of the 3rd over - 1 run, 1 hit, 1 error, 0 left on base; Connecticut 1 - Iowa State 0
BOTTOM OF THE 3RD
Iowa State Cyclones batting - Pitching for Connecticut Huskies : RHP Edward Underwood
Batting: RHB Ollie Johnson 0-0: Called Strike
0-1: Ball
1-1: Ball
2-1: Reached on error, E6 (Groundball, 6)
Batting: LHB Andrew Chambers 0-0: Fly out, F9 (Flyball, 9D)
Batting: LHB Marty Gómez 0-0: Called Strike
0-1: Called Strike
0-2: Strikes out swinging
Batting: RHB Danny Gilbert 0-0: Ball
1-0: Ball
2-0: Ball
3-0: Base on Balls
Ollie Johnson to second
Batting: LHB Alberto Paz 0-0: Called Strike
0-1: Foul Ball, location: 2F
0-2: TRIPLE (Line Drive, 8LXD)
Ollie Johnson scores
Danny Gilbert scores
Batting: RHB Wesley Wood 0-0: Called Strike
0-1: Ball
1-1: Swinging Strike
1-2: Strikes out swinging
Bottom of the 3rd over - 2 runs, 1 hit, 1 error, 1 left on base; Connecticut 1 - Iowa State 2
TOP OF THE 4TH
Connecticut Huskies batting - Pitching for Iowa State Cyclones : RHP Bill Tracy
Batting: RHB Terry McRa 0-0: Called Strike
0-1: Ball
1-1: Ball
2-1: Ball
3-1: Called Strike
3-2: SINGLE (Groundball, 6D)
Batting: LHB Roberto Martínez 0-0: Ball
1-0: Ball
2-0: Called Strike
2-1: Ball
3-1: Foul Ball, location: 2F
3-2: Foul Ball, location: 2F
3-2: Foul Ball, location: 2F
3-2: Strikes out looking
Batting: RHB Eric Vaughn 0-0: Ball
Terry McRa is caught stealing 2nd base
1-0: Foul Ball, location: 2F
1-1: Ball
2-1: SINGLE (Groundball, 6M) (infield hit)
Batting: LHB Garth Gallegos 0-0: Fly out, F7 (Flyball, 7)
Top of the 4th over - 0 runs, 2 hits, 0 errors, 1 left on base; Connecticut 1 - Iowa State 2
BOTTOM OF THE 4TH
Iowa State Cyclones batting - Pitching for Connecticut Huskies : RHP Edward Underwood
Batting: LHB Dale González 0-0: Ball
1-0: Ground out U3 (Groundball, 34)
Batting: LHB Chris Samuels 0-0: Called Strike
0-1: Foul Ball, location: 2F
0-2: Ball
1-2: Foul Ball, location: 2F
1-2: Strikes out looking
Batting: RHB Jimmy Stokes 0-0: Ball
1-0: Ball
2-0: Ball
3-0: Base on Balls
Batting: RHB Ollie Johnson 0-0: Called Strike
0-1: Called Strike
Pickoff Throw to First - Out!
Bottom of the 4th over - 0 runs, 0 hits, 0 errors, 0 left on base; Connecticut 1 - Iowa State 2
TOP OF THE 5TH
Connecticut Huskies batting - Pitching for Iowa State Cyclones : RHP Bill Tracy
Batting: RHB Jeremy Day 0-0: Ball
1-0: Swinging Strike
1-1: Called Strike
1-2: Ball
2-2: Strikes out swinging
Batting: RHB George Powell 0-0: Foul Ball, location: 2F
0-1: Ball
1-1: Ball
2-1: Foul Ball, location: 2F
2-2: Strikes out swinging
Batting: SHB José Ramírez 0-0: Foul Ball, location: 2F
0-1: Ball
1-1: Foul Ball, location: 2F
1-2: Ground out 4-3 (Groundball, 34D)
Top of the 5th over - 0 runs, 0 hits, 0 errors, 0 left on base; Connecticut 1 - Iowa State 2
BOTTOM OF THE 5TH
Iowa State Cyclones batting - Pitching for Connecticut Huskies : RHP Edward Underwood
Batting: RHB Ollie Johnson 0-0: Ball
1-0: Swinging Strike
1-1: Foul Ball, location: 2F
1-2: Fly out, F9 (Flyball, 9)
Batting: LHB Andrew Chambers 0-0: Called Strike
0-1: Ball
1-1: Foul Ball, location: 2F
1-2: Foul Ball, location: 2F
1-2: Ground out 4-3 (Groundball, 4)
Batting: LHB Marty Gómez 0-0: Ball
1-0: Ball
2-0: Called Strike
2-1: Ball
3-1: Foul Ball, location: 2F
3-2: Strikes out swinging
Bottom of the 5th over - 0 runs, 0 hits, 0 errors, 0 left on base; Connecticut 1 - Iowa State 2
TOP OF THE 6TH
Connecticut Huskies batting - Pitching for Iowa State Cyclones : RHP Bill Tracy
Batting: RHB Anthony Payton 0-0: Called Strike
0-1: Called Strike
0-2: Foul Ball, location: 2F
0-2: Ball
1-2: Foul Ball, location: 2F
1-2: Strikes out looking
Batting: RHB Ron Frost 0-0: SINGLE (Groundball, 6MD)
Pitching: RHP Luis Pagán
Batting: RHB Terry McRa 0-0: Ball
Ron Frost is caught stealing 2nd base
1-0: Fly out, F6 (Popup, 6MD)
Top of the 6th over - 0 runs, 1 hit, 0 errors, 0 left on base; Connecticut 1 - Iowa State 2
BOTTOM OF THE 6TH
Iowa State Cyclones batting - Pitching for Connecticut Huskies : RHP Edward Underwood
Pitching: LHP Jim Bridges
Batting: RHB Danny Gilbert 0-0: Fly out, F5 (Popup, 5SF)
Batting: LHB Alberto Paz 0-0: Ball
1-0: Swinging Strike
1-1: Called Strike
1-2: Ground out 6-3 (Groundball, 6)
Batting: RHB Wesley Wood 0-0: Ball
1-0: Ball
2-0: Foul Ball, location: 2F
2-1: Called Strike
2-2: Strikes out swinging
Bottom of the 6th over - 0 runs, 0 hits, 0 errors, 0 left on base; Connecticut 1 - Iowa State 2
TOP OF THE 7TH
Connecticut Huskies batting - Pitching for Iowa State Cyclones : RHP Luis Pagán
Batting: LHB Roberto Martínez 0-0: Ball
1-0: Ball
2-0: Ball
3-0: Called Strike
3-1: Called Strike
3-2: Ground out 4-3 (Groundball, 4)
Batting: RHB Eric Vaughn 0-0: Foul Ball, location: 2F
0-1: SINGLE (Line Drive, 89M)
Batting: LHB Garth Gallegos 0-0: Ball
1-0: Fly out, F7 (Flyball, 78D)
Pinch Hitting: RHB Phil Gabriel 0-0: Swinging Strike
0-1: Ball
1-1: Foul Ball, location: 2F
1-2: Foul Ball, location: 2F
1-2: Strikes out looking
Top of the 7th over - 0 runs, 1 hit, 0 errors, 1 left on base; Connecticut 1 - Iowa State 2
BOTTOM OF THE 7TH
Iowa State Cyclones batting - Pitching for Connecticut Huskies : LHP Jim Bridges
Now in LF: Ward Dempsey
Batting: LHB Dale González 0-0: Ball
1-0: Foul Ball, location: 2F
1-1: Ball
2-1: Foul Ball, location: 2F
2-2: Fly out, F4 (Line Drive, 4M)
Batting: LHB Chris Samuels 0-0: SINGLE (Line Drive, 8LS)
Pinch Runner at 1st Louis García:
Pinch Hitting: SHB Royce Griffin 0-0: Ball
1-0: Ball
2-0: Foul Ball, location: 2F
2-1: Foul Ball, location: 2F
2-2: Foul Ball, location: 2F
2-2: Foul Ball, location: 2F
2-2: Foul Ball, location: 2F
2-2: Foul Ball, location: 2F
2-2: Strikes out swinging
Pinch Hitting: RHB Johnny Matthews 0-0: Foul Ball, location: 2F
0-1: Called Strike
0-2: Ball
1-2: Single, Error in OF, E7, batter to second base
Louis García to third
Batting: LHB Andrew Chambers 0-0: Called Strike
0-1: Ball
1-1: Swinging Strike
1-2: Ball
2-2: Ground out 6-3 (Groundball, 6)
Bottom of the 7th over - 0 runs, 2 hits, 1 error, 2 left on base; Connecticut 1 - Iowa State 2
TOP OF THE 8TH
Connecticut Huskies batting - Pitching for Iowa State Cyclones : RHP Luis Pagán
Now at 3B: Johnny Matthews
Now at SS: Louis García
Now in CF: Oliver Miles
Batting: RHB George Powell 0-0: Ball
1-0: Swinging Strike
1-1: Ball
2-1: Ground out 4-3 (Groundball, 34)
Batting: SHB José Ramírez 0-0: Foul Ball, location: 2F
0-1: Ball
1-1: Ground out 4-3 (Groundball, 4)
Batting: RHB Anthony Payton 0-0: Foul Ball, location: 2F
0-1: Ground out 5-3 (Groundball, 56)
Top of the 8th over - 0 runs, 0 hits, 0 errors, 0 left on base; Connecticut 1 - Iowa State 2
BOTTOM OF THE 8TH
Iowa State Cyclones batting - Pitching for Connecticut Huskies : LHP Jim Bridges
Batting: LHB Marty Gómez 0-0: Called Strike
0-1: Called Strike
0-2: Ball
1-2: Foul Ball, location: 2F
1-2: Ball
2-2: Ground out 4-3 (Groundball, 4)
Batting: RHB Danny Gilbert 0-0: Fly out, F9 (Flyball, 9S)
Batting: LHB Alberto Paz 0-0: Ball
1-0: Ball
2-0: Ground out 4-3 (Groundball, 4)
Bottom of the 8th over - 0 runs, 0 hits, 0 errors, 0 left on base; Connecticut 1 - Iowa State 2
TOP OF THE 9TH
Connecticut Huskies batting - Pitching for Iowa State Cyclones : RHP Luis Pagán
Pitching: RHP Tom Thomas
Batting: RHB Ron Frost 0-0: Called Strike
0-1: Ground out 5-3 (Groundball, 56)
Batting: RHB Terry McRa 0-0: TRIPLE (Line Drive, 9LD)
Batting: LHB Roberto Martínez 0-0: Ball
1-0: Ball
2-0: Ball
3-0: Base on Balls
Batting: RHB Eric Vaughn 0-0: Ball
1-0: Ball
2-0: Ground out 5-3 (Groundball, 56)
Roberto Martínez to second
Batting: LHB Garth Gallegos 0-0: Called Strike
0-1: Foul Ball, location: 2F
0-2: SINGLE (Line Drive, 34)
Terry McRa scores
Roberto Martínez to third
Runner from 3rd tries for Home, SAFE, no throw
Pinch Hitting: LHB Alejandro Piña 0-0: Ground out U3 (Groundball, 3L)
Top of the 9th over - 2 runs, 2 hits, 0 errors, 1 left on base; Connecticut 3 - Iowa State 2
BOTTOM OF THE 9TH
Iowa State Cyclones batting - Pitching for Connecticut Huskies : LHP Jim Bridges
Pitching: LHP Mal Chapman
Now in RF: Alejandro Piña
Batting: RHB Wesley Wood 0-0: Swinging Strike
0-1: Ball
1-1: Swinging Strike
1-2: Ball
2-2: Strikes out looking
Batting: LHB Dale González 0-0: Ball
1-0: Foul Ball, location: 2F
1-1: Ball
2-1: Foul Ball, location: 2F
2-2: SINGLE (Flyball, 7LM)
Batting: RHB Louis García 0-0: Called Strike
0-1: Ball
1-1: Ball
2-1: Ball
3-1: Base on Balls
Dale González to second
Pinch Runner at 2nd Terry Ives:
Batting: SHB Oliver Miles 0-0: SINGLE (Groundball, 56S) (infield hit)
Terry Ives to third
Louis García to second
Batting: RHB Johnny Matthews 0-0: Ball
1-0: Called Strike
1-1: Foul Ball, location: 2F
1-2: Ball
Wild Pitch!
Terry Ives scores
Louis García to third
Oliver Miles to second
2-2: Intentional Walk
Batting: LHB Andrew Chambers 0-0: Ball
1-0: Foul Ball, location: 2F
1-1: Foul Ball, location: 2F
1-2: Ball
2-2: Fly out, F3 (Line Drive, 3S)
Batting: LHB Marty Gómez 0-0: Ball
1-0: Ball
2-0: Called Strike
2-1: Foul Ball, location: 2F
2-2: Strikes out swinging
Bottom of the 9th over - 1 run, 2 hits, 0 errors, 3 left on base; Connecticut 3 - Iowa State 3
TOP OF THE 10TH
Connecticut Huskies batting - Pitching for Iowa State Cyclones : RHP Tom Thomas
Pitching: RHP Joe Miller
Now at C: Octávio Longoria
Batting: RHB George Powell 0-0: SINGLE (Line Drive, 89S)
Batting: SHB José Ramírez 0-0: Ball
1-0: Called Strike
1-1: Ball
2-1: Sac Bunt - play at first, batter OUT! U3
George Powell to second
Batting: RHB Anthony Payton 0-0: Intentional Walk
Batting: RHB Ron Frost 0-0: Ball
1-0: Foul Ball, location: 2F
1-1: Swinging Strike
1-2: Fly out, F4 (Popup, 34D)
Batting: RHB Terry McRa 0-0: Ball
1-0: Ball
2-0: Ball
3-0: Called Strike
3-1: Swinging Strike
3-2: Strikes out swinging
Top of the 10th over - 0 runs, 1 hit, 0 errors, 2 left on base; Connecticut 3 - Iowa State 3
BOTTOM OF THE 10TH
Iowa State Cyclones batting - Pitching for Connecticut Huskies : LHP Mal Chapman
Pitching: RHP Dave Howell
Batting: RHB Danny Gilbert 0-0: Called Strike
0-1: Swinging Strike
0-2: Ball
1-2: Foul Ball, location: 2F
1-2: Strikes out swinging
Pitching: LHP Jude Hatfield
Batting: LHB Alberto Paz 0-0: SINGLE (Flyball, 8RS)
Pitching: LHP Randall Smith
Batting: RHB Wesley Wood 0-0: Ball
1-0: Swinging Strike
1-1: Ball
2-1: Ball
3-1: SINGLE (Groundball, 34D)
Alberto Paz to second
Runner from 2nd tries for 3rd, SAFE, no throw
Batting: SHB Octávio Longoria 0-0: Called Strike
0-1: Called Strike
0-2: Strikes out swinging
Batting: RHB Louis García 0-0: Ball
1-0: Fly out, F7 (Flyball, 78M)
Bottom of the 10th over - 0 runs, 2 hits, 0 errors, 2 left on base; Connecticut 3 - Iowa State 3
TOP OF THE 11TH
Connecticut Huskies batting - Pitching for Iowa State Cyclones : RHP Joe Miller
Batting: LHB Roberto Martínez 0-0: Ball
1-0: SINGLE (Flyball, 8RS)
Batting: RHB Eric Vaughn 0-0: Foul Ball, location: 2F
0-1: Ball
1-1: Ball
2-1: Ball
3-1: Foul Ball, location: 2F
3-2: Base on Balls
Roberto Martínez to second
Batting: LHB Garth Gallegos 0-0: Sac Bunt - play at first, batter OUT! 1-4
Roberto Martínez to third
Eric Vaughn to second
Batting: LHB Alejandro Piña 0-0: Intentional Walk
Batting: RHB George Powell 0-0: Called Strike
0-1: Foul Ball, location: 2F
0-2: Ball
1-2: Ball
2-2: Ball
3-2: Base on Balls
Roberto Martínez scores
Eric Vaughn to third
Alejandro Piña to second
Batting: SHB José Ramírez 0-0: Foul Ball, location: 2F
0-1: Ball
1-1: Foul Ball, location: 2F
1-2: Strikes out swinging
Batting: RHB Anthony Payton 0-0: Ball
1-0: Fly out, F8 (Flyball, 8LM)
Top of the 11th over - 1 run, 1 hit, 0 errors, 3 left on base; Connecticut 4 - Iowa State 3
BOTTOM OF THE 11TH
Iowa State Cyclones batting - Pitching for Connecticut Huskies : LHP Randall Smith
Batting: SHB Oliver Miles 0-0: Ball
1-0: Ball
2-0: Swinging Strike
2-1: Ball
3-1: Foul Ball, location: 2F
3-2: Strikes out looking
Batting: RHB Johnny Matthews 0-0: Swinging Strike
0-1: Foul Ball, location: 2F
0-2: Strikes out looking
Batting: LHB Andrew Chambers 0-0: Foul Ball, location: 2F
0-1: Swinging Strike
0-2: Strikes out looking
Bottom of the 11th over - 0 runs, 0 hits, 0 errors, 0 left on base; Connecticut 4 - Iowa State 3
Saturday, April 7th, 2018 - OOTP Baseball 18.8 Build 76